Unix NetHack Version 5.0.0-0 post-release - last build May 10 2026 23:12:36 (d1fa5d53e341ca933230fdaa984d921c805b60aa,branch:main).

Game began 2026-05-13 01:42:29, ended 2026-05-13 01:47:47.

IanCurtis, chaotic male elven Wizard

                                                       |`...----.
                                                       |..G.%.)[.
                                                       |.<G@)..f.
                                                       --...G...-

IanCurtis the Conjurer    St:9 Dx:12 Co:15 In:20 Wi:9 Ch:10  Chaotic
Dlvl:3  $:24 HP:0(21) Pw:27(41) AC:8  Xp:3 T:939  Burdened

Latest messages:
 You swap places with your kitten.
 You descend the stairs.
 The kitten falls into a pit!
 You try to move the boulder, but in vain.
 With great effort you move the boulder.
 Click!  You trigger a rolling boulder trap!
 Fortunately for you, no boulder was released.
 The carafe crashes on your head and breaks into shards.
 The smoky potion evaporates.
 This burns!
 Call a smoky potion: acid
 In what direction? l
 The spell hits the dwarf!
 You kill the dwarf!
 y - 2 tripe rations.
 In what direction? l
 The spell hits the gnome!
 You kill the gnome!
 The kitten climbs out of the pit.
 You kill the gnome!
 Welcome to experience level 3.
 Your kitten eats a gnome corpse.
 The gnome just misses!
 You miss the gnome.
 You hit the gnome.
 You kill the gnome!
 z - a dwarvish mithril-coat.
 A - a pick-axe.
 What do you want to adjust? [a-np-suvx-zA or ?*] A
 Adjust letter to what [otwA-Z] (? see used letters)? d
 Swapping: d - a pick-axe.
 You have a little trouble lifting a scroll labeled JUYED AWK YACC.  Continue? [ynq] (q) y
 You have a little trouble lifting B - a scroll labeled JUYED AWK YACC.
 Your movements are slowed slightly because of your load.
 Your kitten eats a gnome corpse.
 The gnome shoots 2 crossbow bolts!
 You are hit by the 1st crossbow bolt.
 The 2nd crossbow bolt misses you.
 The gnome falls into a pit!
 In what direction? h
 The spell hits the gnome.
 The gnome shoots 2 crossbow bolts!
 You are hit by the 1st crossbow bolt.
 You are hit by the 2nd crossbow bolt.
 You miss the gnome.
 You miss the gnome.
 The gnome swings her crossbow.
 The gnome hits!
 You die...
 Do you want your possessions identified? [ynq] (y) q

Inventory:
 Coins    ('$')
  $ - 24 gold pieces
 Weapons  (')')
  a - a blessed +1 quarterstaff (weapon in hands)
 Armor    ('[')
  u - an uncursed +0 orcish helm (being worn)
  b - an uncursed +0 cloak of magic resistance (being worn)
  z - a blessed +0 dwarvish mithril-coat
 Comestibles  ('%')
  s - 3 uncursed food rations
  y - 2 cursed tripe rations
 Scrolls  ('?')
  k - an uncursed scroll of blank paper
  i - 2 uncursed scrolls of confuse monster
  B - an uncursed scroll of enchant weapon
  j - an uncursed scroll of identify
  x - an uncursed scroll of remove curse
  q - an uncursed scroll of scare monster
  p - 2 uncursed scrolls of taming
 Spellbooks  ('+')
  m - an uncursed spellbook of detect monsters
  l - a blessed spellbook of force bolt
 Potions  ('!')
  r - an uncursed potion of healing
  g - an uncursed potion of invisibility
  f - an uncursed potion of see invisible
  h - an uncursed potion of water
 Rings    ('=')
  e - an uncursed +1 ring of increase accuracy
  A - an uncursed ring of stealth
 Wands    ('/')
  c - a wand of undead turning (0:4)
 Tools    ('(')
  n - a magic marker (0:21)
  v - an uncursed magic whistle
  d - a +0 pick-axe

IanCurtis the Wizard's attributes:

Background:
 You were a Conjurer, a level 3 male elven Wizard.
 You were chaotic, on a mission for Anhur
 who was opposed by Ptah (lawful) and Thoth (neutral).
 You were left-handed.
 You were in the Gnomish Mines, on level 3.
 You entered the dungeon 939 turns ago.
 It was nighttime.
 You had 51 experience points, 29 more were needed to attain level 4.

Basics:
 You had 0 out of 21 hit points.
 You had 27 out of 41 energy points (spell power).
 Your armor class was 8.
 Your wallet contained 24 zorkmids.
 Autopickup was off.

Final Characteristics:
 Your strength was 9 (limit:18).
 Your dexterity was 12 (limit:18).
 Your constitution was 15 (limit:16).
 Your intelligence was 20 (limit:20).
 Your wisdom was 9 (limit:20).
 Your charisma was 10 (limit:18).

Final Status:
 You weren't hungry.
 You were burdened; movement was slightly slowed.
 You were wielding a quarterstaff.
 You had basic skill with quarterstaff.

Final Attributes:
 You were devoutly aligned.
 You were magic-protected.
 You had infravision.
 You were warded.
 You are dead.

Miscellaneous:
 You didn't encounter any bones levels.
 Total elapsed playing time was 5 minutes and 17 seconds.

Major events:
 Turn
    1: IanCurtis the chaotic male elven Wizard entered the dungeon
  911: entered the Gnomish Mines
  921: attained the rank of Conjurer (level 3)
  939: killed by a gnome

Spells:
 Name                 Level Category     Fail Retention
 force bolt             1   attack         0%  91%-100%
 detect monsters        1   divination     0%  76%-100%

Skills:
 Fighting Skills
   bare handed combat [Unskilled]
   riding             [Unskilled]
 Weapon Skills
   dagger             [Unskilled]
   knife              [Unskilled]
   axe                [Unskilled]
   short sword        [Unskilled]
   club               [Unskilled]
   mace               [Unskilled]
   quarterstaff       [Basic]
   polearms           [Unskilled]
   spear              [Unskilled]
   trident            [Unskilled]
   sling              [Unskilled]
   dart               [Unskilled]
   shuriken           [Unskilled]
 Spellcasting Skills
   attack spells      [Basic]
   healing spells     [Unskilled]
   divination spells  [Unskilled]
   enchantment spells [Basic]
   clerical spells    [Unskilled]
   escape spells      [Unskilled]
   matter spells      [Unskilled]

Voluntary challenges:
 Character rerolling was not enabled.
 You were an atheist.
 You were illiterate.
 You never genocided any monsters.
 You never polymorphed an object.
 You never changed form.
 You used no wishes.
Achievements:
 You entered the Gnomish Mines.
 You attained the rank of Conjurer.

 The Dungeons of Doom: levels 1 to 2
    Level 1: "vault"
    Level 2:
       A fountain, a grave.
       Stairs down to The Gnomish Mines.
 The Gnomish Mines:
    Level 3: <- You were here.
       Final resting place for
          you, killed by a gnome.


Vanquished creatures:
  a dwarf
  3 gnomes
  2 jackals
  2 goblins
  a grid bug
  3 lichens
  2 newts
14 creatures vanquished.

No species were genocided or became extinct.

Game over:
                       ----------
                      /          \
                     /    REST    \
                    /      IN      \
                   /     PEACE      \
                  /                  \
                  |    IanCurtis     |
                  |      24 Au       |
                  |   killed by a    |
                  |      gnome       |
                  |                  |
                  |                  |
                  |       2026       |
                 *|     *  *  *      | *
        _________)/\\_//(\/(/\)/\//\/|_)_______

Goodbye IanCurtis the Wizard...

You died in The Gnomish Mines on dungeon level 3 with 326 points,
and 24 pieces of gold, after 939 moves.
You were level 3 with a maximum of 21 hit points when you died.

